[Event "*** Titled Tuesday Blitz"]
[Site "Chess.com"]
[Date "2019.09.03"]
[Round "5"]
[White "mortngabriel"]
[Black "Iyael"]
[Result "1-0"]
[WhiteElo "2312"]
[BlackElo "2038"]
[TimeControl "180+2"]
[EndTime "16:02:49 PDT"]
[Termination "mortngabriel won by resignation"]

1. e4 c5 2. Nf3 Nc6 3. d4 cxd4 4. Nxd4 Nf6 5. Nc3 e5 6. Ndb5 d6 7. Bg5 a6 8. Na3 b5 9. Nd5 Be7 10. Bxf6 Bxf6 11. c4 b4 12. Nc2 Rb8 13. g3 O-O 14. Bg2 Be6 15. O-O g6 16. Qd3 Bg7 17. Rad1 a5 18.
Nde3 Nd4 19. Nxd4 exd4 20. Nc2 Qc7 21. b3 a4 22. Nxd4 Bd7 23. Nc2 Rb6 24. Ne3 Qc5 25.
Nd5 Ra6 26. Kh1 axb3 27. axb3 Re8 28. f4 Ra2 29. Rd2 Rea8 30. e5 Rxd2 31. Qxd2 Rd8 32.
Ne7+ Kf8 33. Qxd6 Qxd6 34. exd6 Bg4 35. c5 Bd4 36. Nc6 1-0

[Event "*** Titled Tuesday Blitz"]
[Site "Chess.com"]
[Date "2019.09.03"]
[Round "5"]
[White "JussupowFan"]
[Black "MathiasWomacka"]
[Result "0-1"]
[WhiteElo "2197"]
[BlackElo "2182"]
[TimeControl "180+2"]
[EndTime "16:02:50 PDT"]
[Termination "MathiasWomacka won by resignation"]

1. c4 c5 2. g3 Nf6 3. Bg2 d5 4. cxd5 Nxd5 5. Nc3 Nc7 6. Nf3 Nc6 7. a3 e5 8. b4 f6 9. bxc5 Bxc5 10. O-O O-O 11.
d3 Be6 12. Ne4 Be7 13. Be3 b6 14. Qa4 Na5 15. Nfd2 Nd5 16. Nc4 Nxc4 17. Qxc4 Rc8 18. Qa6 Nxe3 19. fxe3 Qd7 20. Rfc1 f5 21. Nc3 Bc5 22.
Nd1 f4 23. gxf4 exf4 24. Rxc5 Rxc5 25. d4 Rg5 26. Qd3 Bh3 0-1

[Event "*** Titled Tuesday Blitz"]
[Site "Chess.com"]
[Date "2019.09.03"]
[Round "5"]
[White "TreabharMakernes"]
[Black "Witik"]
[Result "0-1"]
[WhiteElo "2362"]
[BlackElo "2551"]
[TimeControl "180+2"]
[EndTime "16:02:58 PDT"]
[Termination "Witik won by resignation"]

1. e4 c6 2. d4 d5 3. Nc3 dxe4 4. Nxe4 Nf6 5. Nxf6+ exf6 6. c3 Bd6 7. Bd3 O-O 8. Ne2 Re8 9. O-O Nd7 10. Bf4 Nf8 11. Qd2 Ng6 12. Bg3 h5 13. Rfe1 Be6 14. b3 h4 15.
Bxd6 Qxd6 16. Bxg6 fxg6 17. Nf4 Bf7 18. Nd3 g5 19. Re3 Rxe3 20. fxe3 h3 21. e4 Bg6 22. e5 Qd5 23. Rd1 Bxd3 0-1

[Event "*** Titled Tuesday Blitz"]
[Site "Chess.com"]
[Date "2019.09.03"]
[Round "5"]
[White "Kumi29"]
[Black "Gordima"]
[Result "0-1"]
[WhiteElo "2569"]
[BlackElo "2807"]
[TimeControl "180+2"]
[EndTime "16:03:24 PDT"]
[Termination "Gordima won by checkmate"]

1. d4 Nf6 2. Bg5 Ne4 3. h4 c5 4. d5 Qb6 5. Nd2 Nxg5 6. hxg5 Qxb2 7. g6 fxg6 8. e3 d6 9. Bd3 Bf5 10. e4 Bg4 11. Qxg4 Qxa1+ 12. Ke2 Nd7 13. Rxh7 Rxh7 14. Qxg6+ Kd8 15. Qxh7 Qxg1 16. Qh3 Qa1 17. Bb5 Nf6 18. Nc4 a6 19. Nb6 axb5 20. Nxa8 Qxa2 21. Nb6 Qxc2+ 22. Ke1 Qxe4+ 23. Kd2 Qg4 24. Qh8 Ke8 25. Ke3 Qxg2 26. f3 Qg5+ 27. f4 Nxd5+ 28. Nxd5 Qxd5 29. Kf2 c4 30.
Kg3 c3 31. Qh7 Qc6 32. Qg6+ Kd8 33. Qf7 c2 34. Qxf8+ Kd7 35. f5 c1=Q 36. f6 Qg5+ 37. Kf2 Qcg2+ 38. Ke1 Q5d2# 0-1

[Event "*** Titled Tuesday Blitz"]
[Site "Chess.com"]
[Date "2019.09.03"]
[Round "5"]
[White "chegueps"]
[Black "ace_mar"]
[Result "1-0"]
[WhiteElo "2539"]
[BlackElo "2328"]
[TimeControl "180+2"]
[EndTime "16:03:26 PDT"]
[Termination "chegueps won by resignation"]

1. e4 e5 2. Qh5 Nc6 3. Bc4 g6 4. Qf3 Nf6 5. Ne2 Bg7 6. Nbc3 O-O 7. d3 d6 8. h3 Na5 9. Bg5 Nxc4 10. dxc4 h6 11. Be3 Nh7 12. O-O-O f5 13. exf5 Bxf5 14. Qxb7 Qd7 15. b3 Rfb8 16. Qd5+ Be6 17. Qd3 Bf5 18. Qd2 a5 19. a4 g5 20. h4 Bf6 21. hxg5 hxg5 22.
Ng3 Bg6 23. Rh6 Qg7 24. Rdh1 Be7 25. Qd5+ Kh8 26. Qe6 Bf6 27. Nce4 Rf8 28. Bxg5 Rae8 29. Rxh7+ Bxh7 30. Qxf6 1-0

[Event "*** Titled Tuesday Blitz"]
[Site "Chess.com"]
[Date "2019.09.03"]
[Round "5"]
[White "becemix"]
[Black "kleinebeer98"]
[Result "0-1"]
[WhiteElo "2414"]
[BlackElo "2667"]
[TimeControl "180+2"]
[EndTime "16:03:27 PDT"]
[Termination "kleinebeer98 won by resignation"]

1. e4 e5 2. Nc3 Nc6 3. g3 Nf6 4. Bg2 Bc5 5. Nge2 a6 6. d3 d6 7. h3 Be6 8. Bg5 h6 9. Be3 Bxe3 10. fxe3 d5 11. exd5 Nxd5 12. Nxd5 Bxd5 13. e4 Be6 14. O-O Nd4 15. Kh2 h5 16. Nxd4 Qxd4 17. c3 Qd7 18. d4 Qd6 19. dxe5 Qxe5 20. Qd4 f6 21. Qxe5 fxe5 22.
h4 Rd8 23. Rf2 Ke7 24. a3 Rhf8 25. Raf1 Rxf2 26. Rxf2 Rd3 27. Bf3 g6 28. Bg2 Bg4 29. Kg1 Rxg3 30. Rd2 Bh3 31. Kh2 Rxg2+ 32. Rxg2 Bxg2 33.
Kxg2 Kf6 0-1

[Event "*** Titled Tuesday Blitz"]
[Site "Chess.com"]
[Date "2019.09.03"]
[Round "5"]
[White "MFguimaraes"]
[Black "silverback96"]
[Result "1-0"]
[WhiteElo "2296"]
[BlackElo "2029"]
[TimeControl "180+2"]
[EndTime "16:03:41 PDT"]
[Termination "MFguimaraes won by resignation"]

1. e4 g6 2. h4 Bg7 3. h5 c6 4. d4 d5 5. h6 Bf8 6. e5 c5 7. c3 Nc6 8. Nf3 Bg4 9. Be2 Qb6 10.
dxc5 Qxc5 11. Be3 Qa5 12. Nbd2 Qc7 13. Bf4 Nf6 14. Qa4 Nh5 15. Be3 O-O-O 16. Bxa7 Bxf3 17.
Nxf3 Nxe5 18. Nxe5 Qxe5 19. Bb6 Nf4 20. Qa8+ Kd7 21.
Qxd8+ Kc6 22. Be3 Bxh6 23. Bb5+ Kxb5 24. Qb6+ Kc4 25. Qb4+ Kd3 1-0

[Event "*** Titled Tuesday Blitz"]
[Site "Chess.com"]
[Date "2019.09.03"]
[Round "5"]
[White "chorejason"]
[Black "vanyakuba"]
[Result "0-1"]
[WhiteElo "2116"]
[BlackElo "2361"]
[TimeControl "180+2"]
[EndTime "16:03:48 PDT"]
[Termination "vanyakuba won by resignation"]

1. e4 d5 2. exd5 Qxd5 3. Nc3 Qa5 4. d4 Nf6 5. Nf3 Bg4 6. h3 Bh5 7. g4 Bg6 8. Ne5 e6 9. Bd2 Qb6 10. Qf3 Bb4 11. Bg2 Bxc3 12. Qxb7 Bxd2+ 13. Kxd2 Qxd4+ 14. Nd3 O-O 15. Qxa8 Ne4+ 16. Ke2 Nd7 17. Qc6 Ne5 18. Qa6 Nxd3 19. Qxd3 Qxf2+ 20. Kd1 Qxg2 21. Qe2 Rd8+ 0-1

[Event "*** Titled Tuesday Blitz"]
[Site "Chess.com"]
[Date "2019.09.03"]
[Round "5"]
[White "MalyDominator"]
[Black "ferdipy"]
[Result "1-0"]
[WhiteElo "2314"]
[BlackElo "2145"]
[TimeControl "180+2"]
[EndTime "16:04:03 PDT"]
[Termination "MalyDominator won by resignation"]

1. e4 e6 2. d4 d5 3. Nd2 a6 4. Ngf3 Nf6 5. e5 Nfd7 6. Bd3 c5 7. c3 Nc6 8. O-O g5 9. dxc5 Nxc5 10.
Bc2 Bg7 11. Nb3 g4 12. Nxc5 gxf3 13. Qxf3 Nxe5 14. Qg3 Ng6 15. Bg5 Qb6 16. Nd3 f6 17. Be3 Qd8 18. h4 O-O 19. h5 Ne7 20. h6 Nf5 21.
Qg4 Rf7 22. hxg7 Rxg7 23. Qh5 e5 24. Nb4 Nxe3 25. fxe3 Bg4 26. Qh4 Rg5 27. Qxh7+ Kf8 28. Qh6+ Kf7 29. Qxg5 1-0

[Event "*** Titled Tuesday Blitz"]
[Site "Chess.com"]
[Date "2019.09.03"]
[Round "5"]
[White "TomPolgar"]
[Black "ecwinslow"]
[Result "1-0"]
[WhiteElo "2307"]
[BlackElo "2025"]
[TimeControl "180+2"]
[EndTime "16:04:04 PDT"]
[Termination "TomPolgar won by resignation"]

1. e4 d6 2. d4 Nf6 3. Nc3 g6 4. f4 Bg7 5. Bd3 O-O 6. Nf3 Na6 7. O-O c5 8. d5 Rb8 9. a4 Nb4 10. Bc4 b6 11. e5 Ne8 12. Re1 Bf5 13. Ne4 dxe5 14. fxe5 Nc7 15. d6 exd6 16. Bg5 Qd7 17. exd6 Bxe4 18. dxc7 Qxd1 19. Raxd1 Bxf3 20. cxb8=Q Rxb8 21. gxf3 Nxc2 22. Re7 Rf8 23. Rdd7 Bd4+ 24. Kg2 h6 1-0

[Event "*** Titled Tuesday Blitz"]
[Site "Chess.com"]
[Date "2019.09.03"]
[Round "5"]
[White "a_kandil"]
[Black "DenishevM"]
[Result "1/2-1/2"]
[WhiteElo "2409"]
[BlackElo "2544"]
[TimeControl "180+2"]
[EndTime "16:04:06 PDT"]
[Termination "Game drawn by repetition"]

1. e4 c5 2. Nf3 d6 3. Bb5+ Nd7 4. O-O Nf6 5. Re1 e6 6. c3 Be7 7. d4 cxd4 8. cxd4 O-O 9. Nc3 a6 10. Bd3 b5 11. a3 Bb7 12. h3 Nb6 13. e5 Nfd5 14. Ne4 dxe5 15. dxe5 Rc8 16. Nfg5 h6 17. Nf3 Nc4 18. Qe2 Na5 19. Nd4 Nf4 20. Bxf4 Qxd4 21. Rad1 Nc4 22. Nf6+ Kh8 23. Be4 Qb6 24. Bxh6 Bxe4 25.
Qxe4 Bxf6 26. exf6 gxh6 27. Qh4 Kh7 28. Qe4+ Kh8 29. Qh4 Kh7 30. Qe4+ Kh8 1/2-1/2

[Event "*** Titled Tuesday Blitz"]
[Site "Chess.com"]
[Date "2019.09.03"]
[Round "5"]
[White "FontVella8"]
[Black "HanSchut"]
[Result "1-0"]
[WhiteElo "2488"]
[BlackElo "2213"]
[TimeControl "180+2"]
[EndTime "16:04:08 PDT"]
[Termination "FontVella8 won by resignation"]

1. d4 Nf6 2. c4 g6 3. Nc3 d5 4. cxd5 Nxd5 5. e4 Nxc3 6. bxc3 Bg7 7. Qa4+ Bd7 8. Qa3 c5 9. Qxc5 O-O 10. Nf3 Bg4 11.
Be2 Nd7 12. Qa3 e5 13. d5 f5 14. h3 fxe4 15. hxg4 exf3 16. Bxf3 e4 17. Be2 Qf6 18. O-O Qxc3 19. Qxc3 Bxc3 20. Rb1 b6 21. Bg5 Bd4 22. Bb5 Rf7 23. Rb4 Bc5 24. Rxe4 Raf8 25. Be3 Nf6 26.
Bxc5 bxc5 27. Rc4 Nxd5 28. Rxc5 Nb6 29. a4 Kg7 30. a5 Nd7 31. Rd5 Nf6 32. Rd4 Ng8 33.
f3 Re7 34. Rfd1 h6 35. Rd6 Rf6 36. Rd8 Rfe6 37. Bc4 Re1+ 38. Rxe1 Rxe1+ 39. Kf2 1-0

[Event "*** Titled Tuesday Blitz"]
[Site "Chess.com"]
[Date "2019.09.03"]
[Round "5"]
[White "adriangschnitzer"]
[Black "przemekpiotrowski"]
[Result "0-1"]
[WhiteElo "2534"]
[BlackElo "2399"]
[TimeControl "180+2"]
[EndTime "16:04:11 PDT"]
[Termination "przemekpiotrowski won by resignation"]

1. e4 c5 2. Nf3 Nc6 3. d4 cxd4 4. Nxd4 Nf6 5. Nc3 d6 6. Bg5 e6 7.
Qd2 a6 8. O-O-O Bd7 9. f4 b5 10. Bxf6 gxf6 11. Nxc6 Bxc6 12. Bd3 Qb6 13. h4 h5 14. Ne2 Qc5 15. f5 Bh6 16. Nf4 e5 17. Kb1 Bxf4 18. Qe2 Qe3 19. Qf1 Rg8 20. a4 bxa4 21.
Bxa6 Ke7 22. Bb5 Bxb5 23. Qxb5 Rgb8 24. Qc4 Qb6 25. Qc3 Be3 26. Qa3 Bc5 27. Qa2 Bd4 28.
Rxd4 Qxd4 29. Qa3 Qb4 30. Qa2 a3 31. b3 Qc3 32. Rd1 Ra7 33. Kc1 Rc7 34. g4 hxg4 35. h5 Rxb3 36. h6 Rb2 0-1

[Event "*** Titled Tuesday Blitz"]
[Site "Chess.com"]
[Date "2019.09.03"]
[Round "5"]
[White "JAN2404"]
[Black "Iustin106"]
[Result "0-1"]
[WhiteElo "1691"]
[BlackElo "2495"]
[TimeControl "180+2"]
[EndTime "16:04:13 PDT"]
[Termination "Iustin106 won by resignation"]

1. c4 e5 2. Nc3 Nf6 3. Nf3 Nc6 4. g3 d5 5. cxd5 Nxd5 6. Bg2 Nb6 7. O-O Be7 8. d3 O-O 9. a3 Be6 10. b4 a5 11. b5 Nd4 12. Nxe5 Bf6 13. f4 Nb3 14.
Rb1 Qd4+ 15. e3 Qxc3 16. Bb2 Qc5 17. Bd4 Nxd4 18. exd4 Qxd4+ 19. Kh1 Bd5 20. Nf3 Qc5 21.
d4 Qd6 22. Ne5 Bxg2+ 23. Kxg2 Rad8 24. Qb3 Qxd4 25. Rbd1 Qe4+ 26. Kg1 Rxd1 27. Rxd1 Bxe5 28. fxe5 Qxe5 29. Rf1 h6 30. a4 Qc5+ 31. Kh1 Qd5+ 32.
Kg1 Qxb3 0-1

[Event "*** Titled Tuesday Blitz"]
[Site "Chess.com"]
[Date "2019.09.03"]
[Round "5"]
[White "Bishops83"]
[Black "xberli"]
[Result "0-1"]
[WhiteElo "2212"]
[BlackElo "2457"]
[TimeControl "180+2"]
[EndTime "16:04:15 PDT"]
[Termination "xberli won by resignation"]

1. e4 c5 2. Nc3 Nc6 3. Bb5 g6 4.
Bxc6 dxc6 5. f4 Bg7 6. Nf3 Bg4 7. h3 Bxf3 8. Qxf3 e5 9. f5 Nf6 10. d3 O-O 11. O-O Nh5 12. Be3 b6 13. a4 Qd6 14.
a5 b5 15. a6 Nf4 16. Bxf4 exf4 17. Qxf4 Qxf4 18. Rxf4 Be5 19. Rf3 Rab8 20. g4 Rb6 21. g5 Rd8 22. f6 h6 23. h4 b4 24. Nd1 c4 25. Ra5 c5 26. Kg2 b3 27.
cxb3 cxb3 28. Rxc5 Bd4 29. Ra5 Rc6 30. Ne3 Rc2+ 31.
Kg3 Bxe3 32. Rxe3 Rxb2 33. Rb5 Rb1 34. e5 b2 35. Kf3 Rf1+ 0-1

[Event "*** Titled Tuesday Blitz"]
[Site "Chess.com"]
[Date "2019.09.03"]
[Round "5"]
[White "oskariot"]
[Black "riconaipe"]
[Result "1-0"]
[WhiteElo "2756"]
[BlackElo "2575"]
[TimeControl "180+2"]
[EndTime "16:04:17 PDT"]
[Termination "oskariot won by resignation"]

1. e4 c6 2. d4 d5 3. e5 g6 4.
f4 Bg7 5. c3 Nh6 6. Nf3 O-O 7.
Be2 f6 8. O-O Bf5 9. h3 Be4 10.
Nbd2 f5 11. Nxe4 fxe4 12. Ng5 Qc8 13. g4 Nf7 14. Nxf7 Rxf7 15. f5 gxf5 16. gxf5 Rxf5 17. Bg4 Rxf1+ 18. Qxf1 e6 19. Qg2 Na6 20. Bh6 Qc7 21.
Bxe6+ Kh8 22. Bg5 Re8 23. Qg4 c5 24. Rf1 cxd4 25. cxd4 Qb6 26. Bf7 Qxd4+ 27. Kh1 Qxe5 28. Bxe8 Qxe8 29. Rc1 Qf7 30. Rc8+ Bf8 31. Bh6 Qf1+ 32. Kh2 Qf2+ 33. Qg2 Qf4+ 34. Bxf4 1-0

[Event "*** Titled Tuesday Blitz"]
[Site "Chess.com"]
[Date "2019.09.03"]
[Round "5"]
[White "Th3ChessViking"]
[Black "Jenia84"]
[Result "1-0"]
[WhiteElo "2451"]
[BlackElo "2254"]
[TimeControl "180+2"]
[EndTime "16:04:20 PDT"]
[Termination "Th3ChessViking won by checkmate"]

1. d4 Nf6 2. c4 e6 3. Nc3 Bb4 4.
f3 d5 5. a3 Bxc3+ 6. bxc3 c5 7. cxd5 Nxd5 8. dxc5 Qa5 9. e4 Ne7 10. Be3 Qxc3+ 11. Kf2 Nd7 12. Bd4 Qa5 13. Bxg7 Rg8 14.
Bd4 Nxc5 15. Ne2 e5 16. Be3 Be6 17. Ng3 Rd8 18. Qe1 Qxe1+ 19. Rxe1 b6 20. Bb5+ Kf8 21. Rd1 Kg7 22. Nh5+ Kg6 23. g4 Nc8 24. h4 Nxe4+ 25. fxe4 Rxd1 26. Rxd1 Bxg4 27. Rd5 Kxh5 28. Rxe5+ Kxh4 29.
Bf4 Be6 30. Be2 Bg4 31. Bg3+ Kh3 32. Bf1# 1-0

[Event "*** Titled Tuesday Blitz"]
[Site "Chess.com"]
[Date "2019.09.03"]
[Round "5"]
[White "12teen"]
[Black "Sosat98"]
[Result "0-1"]
[WhiteElo "2748"]
[BlackElo "2620"]
[TimeControl "180+2"]
[EndTime "16:04:23 PDT"]
[Termination "Sosat98 won by resignation"]

1. g3 e5 2. Bg2 d5 3. d3 Nf6 4. Nc3 Be7 5. Bd2 O-O 6. e4 dxe4 7. dxe4 Be6 8. f4 Nc6 9. Nf3 Bc4 10. fxe5 Ng4 11.
h3 Ngxe5 12. Nxe5 Nxe5 13. Qh5 Ng6 14. O-O-O Qd4 15. Nd5 Bxd5 16. exd5 Bf6 17. c3 Qc4 18. a3 Rfe8 19. Rhe1 Ne5 20. Kb1 Qb3 21. Bc1 Nc4 22.
Qf5 Nxa3+ 23. Ka1 Nc2+ 24. Kb1 Nxe1 25. Be4 Rxe4 26. Qxe4 Qxd1 0-1

[Event "*** Titled Tuesday Blitz"]
[Site "Chess.com"]
[Date "2019.09.03"]
[Round "5"]
[White "Kanthecarowin"]
[Black "13MiRacLe"]
[Result "0-1"]
[WhiteElo "2385"]
[BlackElo "2704"]
[TimeControl "180+2"]
[EndTime "16:04:37 PDT"]
[Termination "13MiRacLe won by resignation"]

1. d4 Nf6 2. c4 g6 3. Nc3 d5 4.
Nf3 Bg7 5. Bg5 Ne4 6. cxd5 Nxg5 7. Nxg5 e6 8. Qd2 exd5 9. Qe3+ Kf8 10. Qf4 Bf6 11. h4 h6 12. Nxd5 Bxg5 13. Qe5 Rg8 14.
hxg5 Nc6 15. Qe4 Bf5 16. Qf3 Nxd4 17. Qa3+ Kg7 18. Ne3 Qxg5 19. Qc3 c5 20. Nxf5+ Qxf5 21. O-O-O Kh7 22. e3 Nc6 23. Bd3 Qe5 24. Qc4 Kg7 25.
Rxh6 Kxh6 26. Qxf7 Qh2 27. g4 Rg7 28. g5+ Kh7 29.
Bxg6+ Kh8 30. Qf3 Ne5 0-1

[Event "*** Titled Tuesday Blitz"]
[Site "Chess.com"]
[Date "2019.09.03"]
[Round "5"]
[White "Sutormin_DA"]
[Black "juniortay"]
[Result "1-0"]
[WhiteElo "2609"]
[BlackElo "2445"]
[TimeControl "180+2"]
[EndTime "16:04:37 PDT"]
[Termination "Sutormin_DA won by resignation"]

1. e4 e5 2. Nf3 Nf6 3. Nxe5 Nc6 4. Nxc6 dxc6 5. Nc3 Bc5 6. Be2 Qd4 7. O-O h5 8. d3 Ng4 9. Bxg4 hxg4 10. Ne2 Qf6 11. d4 Be7 12. Bf4 Be6 13. Bxc7 Bc4 14. Bg3 O-O-O 15.
b3 Be6 16. c4 Qg6 17. d5 Qxe4 18. Nc3 Qg6 19. Qe2 Bf6 20. dxe6 Bxc3 21. e7 Rde8 22. Qe3 Ba5 23. Qxa7 Bc7 24. Qa8+ Kd7 25. Qxb7 Rc8 26.
Rad1+ Kxe7 27. Bxc7 1-0

[Event "*** Titled Tuesday Blitz"]
[Site "Chess.com"]
[Date "2019.09.03"]
[Round "5"]
[White "Cukiero"]
[Black "kinga2008"]
[Result "1-0"]
[WhiteElo "2409"]
[BlackElo "1908"]
[TimeControl "180+2"]
[EndTime "16:04:40 PDT"]
[Termination "Cukiero won by checkmate"]

1. e4 c5 2. Nf3 d6 3. d4 cxd4 4. Nxd4 Nf6 5. Nc3 g6 6. Be3 Bg7 7. f3 O-O 8. Qd2 Nc6 9. O-O-O d5 10. Kb1 dxe4 11. Nxc6 Qc7 12. Nd4 exf3 13. gxf3 a6 14. h4 b5 15. h5 Bb7 16. hxg6 hxg6 17. Bd3 e5 18. Ne4 exd4 19. Bf4 Nxe4 20. Qh2 Rfc8 21. Bxc7 Nf2 22. Qh7+ Kf8 23. Bd6+ Ke8 24. Qxg7 Nxh1 25. Qf8+ Kd7 26. Qe7+ Kc6 27. Be4+ Kb6 28. Qxb7+ Ka5 29. Rd3 Rc4 30. Ra3+ Ra4 31. b4# 1-0

[Event "*** Titled Tuesday Blitz"]
[Site "Chess.com"]
[Date "2019.09.03"]
[Round "5"]
[White "Jospem"]
[Black "KRASAVCHIK2002"]
[Result "1/2-1/2"]
[WhiteElo "2933"]
[BlackElo "2394"]
[TimeControl "180+2"]
[EndTime "16:04:47 PDT"]
[Termination "Game drawn by agreement"]

1. c4 e5 2. Nf3 Nc6 3. d3 Nf6 4. a3 d5 5. cxd5 Nxd5 6. e4 Nb6 7. Be2 Be7 8. Be3 O-O 9. Nbd2 Be6 10. O-O f6 11. Rc1 Qd7 12. b4 a5 13. b5 Nd4 14.
Bxd4 exd4 15. a4 c5 16. Ne1 f5 17. exf5 Bxf5 18. Nef3 Nd5 19. Qb3 Be6 20. Nc4 Nf4 21.
Rfe1 Nxg2 22. Kxg2 Bd5 23. Ne5 Qe6 1/2-1/2

[Event "*** Titled Tuesday Blitz"]
[Site "Chess.com"]
[Date "2019.09.03"]
[Round "5"]
[White "beatles_22"]
[Black "GCamachoMartinez"]
[Result "1-0"]
[WhiteElo "2675"]
[BlackElo "2431"]
[TimeControl "180+2"]
[EndTime "16:04:47 PDT"]
[Termination "beatles_22 won by resignation"]

1. e4 e5 2. Nf3 Nf6 3. Nc3 Bb4 4. Nxe5 O-O 5. Nd3 Bxc3 6. dxc3 Nxe4 7. c4 d6 8. Be2 Nd7 9. O-O Re8 10. Re1 Nec5 11.
Nf4 Ne6 12. Nd5 Nf6 13. Bd3 Nxd5 14. cxd5 Nf8 15. Bd2 Bd7 16. c4 Qf6 17. Bc3 Qg5 18. Qf3 Rxe1+ 19. Rxe1 Re8 20. Re3 Rxe3 21. fxe3 Qg4 22.
Kf2 Qh4+ 23. Kg1 Ng6 24. g3 Qe7 25. Qe4 Qxe4 26. Bxe4 f6 27. Kg2 Ne7 28. h3 Bf5 29. Bf3 Bd3 30. b3 Bb1 31. a3 Bc2 32. b4 Bd3 33. c5 Bc4 34. e4 Ng6 35. Kf2 Ne5 36. Bd1 f5 37. exf5 Bxd5 38. Bxe5 dxe5 39. Bf3 c6 40. Bxd5+ cxd5 41. b5 Kf7 42. g4 d4 43.
Kf3 d3 44. Ke3 e4 45. c6 bxc6 46. bxc6 Ke7 47. g5 Kd6 48. f6 gxf6 49. gxf6 1-0

[Event "*** Titled Tuesday Blitz"]
[Site "Chess.com"]
[Date "2019.09.03"]
[Round "5"]
[White "chesstatour"]
[Black "NemtsevIgor"]
[Result "0-1"]
[WhiteElo "2016"]
[BlackElo "2307"]
[TimeControl "180+2"]
[EndTime "16:04:51 PDT"]
[Termination "NemtsevIgor won on time"]

1. c4 c6 2. d4 d6 3. f4 h6 4. e4 g5 5. fxg5 hxg5 6. Bxg5 Bg7 7. Nc3 Nd7 8. Nf3 Nf8 9. Be2 Ne6 10. Be3 Nh6 11.
d5 Ng4 12. dxe6 Nxe3 13. exf7+ Kf8 14. Qd3 Nxg2+ 15. Kd2 Bh6+ 16. Kc2 Nf4 17. Qd1 Qb6 18. b3 Bg7 19. Rb1 Qe3 20. Qd2 Qxc3+ 21. Qxc3 Bxc3 22. Kxc3 Nxe2+ 23. Kd3 Nf4+ 24. Ke3 e5 25. c5 Rh3 26. cxd6 Bg4 27. Rbf1 Kxf7 28. Rhg1 Bxf3 29. Rxf3 Rxf3+ 30.
Kxf3 Rd8 31. Rd1 Ke6 32. h4 Rxd6 33. Rc1 Rd3+ 34. Kg4 Kf6 35. h5 Rd2 36. h6 Rg2+ 37. Kf3 Rh2 38. Rd1 Rh3+ 39. Kg4 Rxh6 40. Rd7 Ne6 41.
Rxb7 Rg6+ 42. Kf3 Rg7 0-1

[Event "*** Titled Tuesday Blitz"]
[Site "Chess.com"]
[Date "2019.09.03"]
[Round "5"]
[White "Kazmin_Dmitrij"]
[Black "SimonKnightRivendell"]
[Result "1-0"]
[WhiteElo "2310"]
[BlackElo "2028"]
[TimeControl "180+2"]
[EndTime "16:04:56 PDT"]
[Termination "Kazmin_Dmitrij won by resignation"]

1. e4 c6 2. d4 d5 3. e5 Bf5 4. Nc3 e6 5. g4 Bg6 6. Nge2 Ne7 7. Be3 h5 8. Nf4 hxg4 9. Nxg6 Nxg6 10. Qxg4 Na6 11.
Bd3 Ne7 12. a3 g6 13. Bg5 Qc7 14. Bf6 Rh5 15. O-O-O Nf5 16. Kb1 Qb6 17. Ka2 Qa5 18. Bxa6 bxa6 19. Rd3 Rb8 20. Nb1 Qb5 21. Rb3 Qc4 22.
Nd2 Qxb3+ 23. Nxb3 a5 24. h4 Kd7 25. Qe2 a4 26. Nc5+ Ke8 27. Qa6 Bxc5 28. dxc5 Nd4 29. Qxa7 1-0

[Event "*** Titled Tuesday Blitz"]
[Site "Chess.com"]
[Date "2019.09.03"]
[Round "5"]
[White "bubacik"]
[Black "Hikaru"]
[Result "1-0"]
[WhiteElo "2721"]
[BlackElo "3216"]
[TimeControl "180+2"]
[EndTime "16:04:58 PDT"]
[Termination "bubacik won by resignation"]

1. d4 g6 2. c4 Bg7 3. Nf3 d6 4. g3 Bd7 5. Bg2 Qc8 6. O-O Nc6 7. e4 Bh3 8. Bxh3 Qxh3 9. Ng5 Qd7 10. Be3 h5 11.
Nc3 h4 12. d5 Ne5 13. Bd4 Bf6 14. Bxe5 Bxe5 15. Nf3 hxg3 16. fxg3 Qh3 17. Qe2 Nf6 18. Nxe5 dxe5 19. Rf2 Ng4 20. Rg2 Rh5 21. Nd1 Nf6 22.
Nf2 Qd7 23. Nd3 Kf8 24. g4 Rh3 25. Nxe5 Qd6 26. Nd3 Qb6+ 27. c5 Qb5 28. Rd1 Qc4 29. Nf4 Qxc5+ 30. Qf2 Qxf2+ 31. Rxf2 Kg7 32. Nxh3 Nxg4 33.
Rf4 Ne5 34. Nf2 Rh8 35. Nd3 Nd7 36. e5 Rh3 37. e6 fxe6 38. dxe6 Nf6 39. Nf2 Rh5 40.
Rfd4 Re5 41. Rd7 Rxe6 42. Rxc7 Rb6 43. Rxe7+ Kh6 44. b3 Ra6 45. Re2 Ra5 46. Rd4 Rg5+ 47. Kf1 Rf5 48. Kg2 Rg5+ 49. Kh3 Nh5 50. Ng4+ Kg7 51. Re7+ Kf8 52. Rxb7 1-0

[Event "*** Titled Tuesday Blitz"]
[Site "Chess.com"]
[Date "2019.09.03"]
[Round "5"]
[White "MarcoRiehle"]
[Black "Jbd735"]
[Result "1-0"]
[WhiteElo "2691"]
[BlackElo "2475"]
[TimeControl "180+2"]
[EndTime "16:05:02 PDT"]
[Termination "MarcoRiehle won on time"]

1. e4 e5 2. Nf3 Nc6 3. Bc4 Bc5 4. c3 Nf6 5. d4 exd4 6. cxd4 Bb4+ 7. Nbd2 Nxe4 8. d5 Nxd2 9. Bxd2 Qe7+ 10. Qe2 Bxd2+ 11. Kxd2 Qxe2+ 12. Bxe2 Ne7 13. d6 cxd6 14. Rhe1 O-O 15. Rac1 Nc6 16. Bc4 b6 17. Bd5 Bb7 18. b4 Rab8 19.
Ng5 Nxb4 20. Bb3 Bd5 21. Rc7 Bxb3 22. axb3 Nc6 23. Rxd7 h6 24. Nf3 Rfd8 25. Rc7 Rbc8 26. Rb7 Na5 27. Rxa7 Nxb3+ 28. Kd3 Nc5+ 29. Kd2 Ne6 30. Rb1 Rb8 31. Nh4 g6 32. g3 b5 33.
f4 b4 34. f5 gxf5 35. Nxf5 1-0

[Event "*** Titled Tuesday Blitz"]
[Site "Chess.com"]
[Date "2019.09.03"]
[Round "5"]
[White "Mikhail_Golubev"]
[Black "ENEASZ"]
[Result "1-0"]
[WhiteElo "2418"]
[BlackElo "2539"]
[TimeControl "180+2"]
[EndTime "16:05:05 PDT"]
[Termination "Mikhail_Golubev won by checkmate"]

1. e4 d6 2. d4 Nf6 3. Nc3 e5 4. Nf3 Nbd7 5. Bc4 Be7 6. a4 O-O 7.
O-O c6 8. Re1 b6 9. d5 cxd5 10.
Bxd5 Nxd5 11. Nxd5 Nf6 12. Nxf6+ Bxf6 13. Nd2 Be6 14.
c4 Bg5 15. Qe2 Qc7 16. b3 g6 17. Nf1 Bxc1 18. Raxc1 f5 19. exf5 gxf5 20. f4 e4 21. Ne3 Qc5 22. h3 Rad8 23. Kh2 Rd7 24. Red1 Rfd8 25.
Nd5 Rf7 26. Rc3 Bxd5 27. Rg3+ Kf8 28. Rxd5 Qc8 29. Qh5 Qe6 30. Rg5 e3 31. Rgxf5 Rd7 32. Rxf7+ Rxf7 33. f5 Qe4 34. Qh6+ Kg8 35. Qxd6 e2 36.
Qg3+ Rg7 37. Rd8+ Kf7 38. Rd7+ Ke8 39. Rxg7 e1=Q 40. Qb8# 1-0

[Event "*** Titled Tuesday Blitz"]
[Site "Chess.com"]
[Date "2019.09.03"]
[Round "5"]
[White "NTBT_DHS"]
[Black "GM_dmitrij"]
[Result "1-0"]
[WhiteElo "2711"]
[BlackElo "2953"]
[TimeControl "180+2"]
[EndTime "16:05:09 PDT"]
[Termination "NTBT_DHS won by checkmate"]

1. d4 d5 2. c4 c6 3. cxd5 cxd5 4. Bf4 Nf6 5. Nc3 Nc6 6. Nf3 Bf5 7. Rc1 e6 8. e3 Be7 9. h3 O-O 10. Be2 Ne4 11.
O-O Rc8 12. Na4 Na5 13. a3 Nc4 14. Qb3 Ncd2 15. Qxb7 Nxf1 16. Rxc8 Qxc8 17. Qxe7 Nfd2 18. Nxd2 Nxd2 19. Nc5 a5 20. Bb5 Nc4 21. Nd7 Nxb2 22. Bd6 Rd8 23. Nb6 Qc1+ 24. Kh2 Rb8 25. Be8 h6 26.
Bxf7+ Kh8 27. Bxb8 Kh7 28. Be5 Nd3 29. Bg8+ Kg6 30.
Qxg7+ Kh5 31. Bf7+ Kh4 32. Bg3# 1-0

[Event "*** Titled Tuesday Blitz"]
[Site "Chess.com"]
[Date "2019.09.03"]
[Round "5"]
[White "vinniethepooh"]
[Black "MasterKroket"]
[Result "1-0"]
[WhiteElo "2596"]
[BlackElo "2426"]
[TimeControl "180+2"]
[EndTime "16:05:12 PDT"]
[Termination "vinniethepooh won by resignation"]

1. d4 Nf6 2. c4 e6 3. Nc3 Bb4 4. e3 O-O 5. Bd3 d5 6. Nf3 c5 7. O-O Nc6 8. cxd5 cxd4 9. exd4 exd5 10. Ne5 Re8 11. Bf4 Bf8 12. Re1 Be6 13. Rc1 Nxe5 14. dxe5 Nd7 15. Nb5 Rc8 16. Rxc8 Qxc8 17. Nxa7 Qa8 18.
Nb5 Qxa2 19. Nc7 Rc8 20. Nxe6 fxe6 21. Qh5 h6 22. Qg6 Nc5 23. Bb1 Qxb2 24. Bxh6 Rc6 25. Qh7+ Kf7 26. Bg6+ Ke7 27. Bxg7 Bxg7 28. Qxg7+ Kd8 29.
h4 Ne4 30. Bxe4 dxe4 31. Rd1+ Kc8 32. Qf8+ 1-0